[Event "Titled Tuesday Blitz August 22 Late 2023"]
[White "Saif, Malek"]
[Black "Ibarra Jerez, Jose Carlos"]
[WhiteFideId "8104220"]
[BlackFideId "2226332"]
[WhiteElo "2642"]
[BlackElo "2905"]
[Result "1-0"]
[Round "6"]
[TimeControl "180+1"]
[Date "2023.08.22"]
[WhiteClock "0:00:22"]
[BlackClock "0:00:32"]
[Board "27"]

1. e4 c5 2. Nf3 Nc6 3. d4 cxd4 4. Nxd4 e5 5. Nb5 d6 6. N1c3 a6 7. Na3 Be6 8. Be2 b5 9. Nd5 Nf6 10. Bg5 Be7 11. Bxf6 Bxf6 12. c3 Bg5 13. O-O O-O 14. Nc2 g6 15. f4 exf4 16. Nxf4 Qe7 17. Nd5 Qa7+ 18. Kh1 Rae8 19. Bg4 Bxd5 20. exd5 Ne5 21. Nd4 Nc4 22. Rf2 Qc5 23. Qf3 Re3 24. Qd1 Qxd5 25. Bf3 Qc5 26. Qf1 Ne5 27. Bd1 Nd3 28. Re2 Rfe8 29. Bb3 Rxe2 30. Qxf7+ Kh8 31. Nxe2 Nf2+ 32. Kg1 Ng4+ 33. Kh1 Ne5 34. Qxe8+ Kg7 35. Nd4 Kh6 36. Qf8+ Kh5 37. Bd1+ Ng4 38. Bxg4+ Kxg4 39. Qf3+ 1-0


[Site "https://www.chess.com"]

[Event "Titled Tuesday Blitz August 22 Late 2023"]
[White "Grigorjev, Iljya"]
[Black "Omelja, Artem"]
[WhiteFideId "24159565"]
[BlackFideId "14119846"]
[WhiteElo "2903"]
[BlackElo "2639"]
[Result "0-1"]
[Round "6"]
[TimeControl "180+1"]
[Date "2023.08.22"]
[WhiteClock "0:00:00"]
[BlackClock "0:00:03"]
[Board "28"]

1. e4 c5 2. Nf3 e6 3. g3 Nc6 4. Bg2 Nf6 5. Qe2 e5 6. O-O d6 7. c3 Be7 8. Rd1 O-O 9. d4 cxd4 10. cxd4 Bg4 11. dxe5 Nxe5 12. Nbd2 Qc8 13. Nf1 Re8 14. Ne3 Nxf3+ 15. Bxf3 Bxf3 16. Qxf3 Bf8 17. Rd4 Qc5 18. Rc4 Qe5 19. Ng4 Nxg4 20. Qxg4 b5 21. Rc7 Qxe4 22. Qxe4 Rxe4 23. Be3 a5 24. Rb7 b4 25. a3 d5 26. axb4 Rxb4 27. Rxb4 Bxb4 28. Kf1 Rc8 29. Rd1 Rd8 30. Ke2 f6 31. Kd3 Kf7 32. Rc1 Ke6 33. g4 Ke5 34. f4+ Kd6 35. f5 Kd7 36. Bf4 Bd6 37. Bd2 Rb8 38. Rc2 a4 39. Bc3 Be5 40. Re2 Kd6 41. Re1 a3 42. Bxe5+ fxe5 43. bxa3 Rb3+ 44. Kc2 Rxa3 45. Rb1 Ra2+ 46. Kd3 e4+ 47. Kd4 Ra4+ 48. Ke3 Ke5 49. Rb7 d4+ 50. Kf2 Ra2+ 51. Kg3 d3 52. Rxg7 d2 53. Rd7 Ra3+ 54. Kf2 Rd3 55. Re7+ Kf4 56. f6 d1=Q 57. f7 Qf3+ 0-1


[Site "https://www.chess.com"]

[Event "Titled Tuesday Blitz August 22 Late 2023"]
[White "Zarubitski, Viachaslau"]
[Black "Rasulov, Vugar"]
[WhiteFideId "13509373"]
[BlackFideId "13402390"]
[WhiteElo "2633"]
[BlackElo "2902"]
[Result "1-0"]
[Round "6"]
[TimeControl "180+1"]
[Date "2023.08.22"]
[WhiteClock "0:00:05"]
[BlackClock "0:00:02"]
[Board "29"]

1. e4 c6 2. Nf3 d5 3. d3 dxe4 4. dxe4 Qxd1+ 5. Kxd1 Nf6 6. Bd3 Bg4 7. Ke2 Nbd7 8. h3 Bh5 9. Be3 e6 10. Nd2 Bc5 11. g4 Bg6 12. Nh4 e5 13. Nf5 O-O 14. Nf3 Rfe8 15. Rhg1 Rad8 16. a3 a5 17. b4 axb4 18. axb4 Bxe3 19. Kxe3 h5 20. N3h4 Kf8 21. Nxg6+ fxg6 22. Nh4 g5 23. Nf3 hxg4 24. hxg4 Nb6 25. Nxg5 Rd4 26. c3 Rd6 27. f3 Ke7 28. Rgd1 Rh8 29. Rh1 Rhd8 30. Be2 Rd2 31. Ra7 R8d7 32. Nh7 Rc2 33. Nxf6 Rxc3+ 34. Kf2 Kxf6 35. Kg3 Rc2 36. Bf1 Nc8 37. Ra8 Ne7 38. Rf8+ Ke6 39. Rfh8 Ng6 40. R8h7 Nf4 41. Rh8 Rdd2 42. Re8+ Kf6 43. g5+ Kf7 44. Rxe5 Ng6 45. Rf5+ Ke7 46. Rh7 Kd8 47. Rxg7 Ne7 48. Rff7 Rd7 49. Bh3 Rd1 50. Rf8+ Kc7 51. Rxe7+ Kb6 52. Bg4 Kb5 53. Kf4 b6 54. Rb8 Rg1 55. Reb7 Kxb4 56. Rxb6+ Kc5 57. R6b7 Rh2 58. g6 Rh6 59. Kg5 Rh3 60. g7 Rxf3 61. g8=Q Rfg3 62. Qf8+ Kd4 63. Rb4+ Ke3 64. Qf4+ Kd3 65. Rd8+ Kc3 66. Qd2# 1-0


[Site "https://www.chess.com"]

[Event "Titled Tuesday Blitz August 22 Late 2023"]
[White "Kravtsiv, Martyn"]
[Black "Vovk, Orest"]
[WhiteFideId "14113147"]
[BlackFideId "14113490"]
[WhiteElo "2892"]
[BlackElo "2546"]
[Result "1-0"]
[Round "6"]
[TimeControl "180+1"]
[Date "2023.08.22"]
[WhiteClock "0:01:04"]
[BlackClock "0:00:00"]
[Board "31"]

1. e4 g5 2. d3 h6 3. h4 d5 4. hxg5 dxe4 5. dxe4 Qxd1+ 6. Kxd1 Nc6 7. Nc3 Bg4+ 8. f3 O-O-O+ 9. Bd2 Be6 10. Kc1 Bg7 11. gxh6 Bxh6 12. Bxh6 Rxh6 13. Rxh6 Nxh6 14. Nge2 f6 15. b3 Nf7 16. Kb2 Nfe5 17. Rd1 Rg8 18. Nf4 Bf7 19. Ncd5 Bxd5 20. Nxd5 a6 21. Rd2 Rd8 22. Kc1 Rh8 23. Ne3 e6 24. Rf2 Rg8 25. Be2 Nd4 26. Bd1 Ndc6 27. f4 Nf7 28. Bg4 Ncd8 29. Bh3 Nh6 30. Kd2 Kd7 31. Ke2 Ke7 32. Kf3 Nc6 33. Rd2 Nf7 34. g3 Nd6 35. Bf1 Nb5 36. Bxb5 axb5 37. c3 b4 38. cxb4 Nxb4 39. Rh2 Rg7 40. a3 Nc6 41. Nc2 Kd7 42. b4 Ke7 43. Rh6 Nd8 44. Ne3 Nf7 45. Rh1 Nd6 46. Rc1 Kd7 47. a4 Rh7 48. Ng4 1-0


[Site "https://www.chess.com"]

[Event "Titled Tuesday Blitz August 22 Late 2023"]
[White "Sjugirov, Sanan"]
[Black "Pein, Jonathan"]
[WhiteFideId "4189302"]
[BlackFideId "417092"]
[WhiteElo "2885"]
[BlackElo "2464"]
[Result "1-0"]
[Round "6"]
[TimeControl "180+1"]
[Date "2023.08.22"]
[WhiteClock "0:01:24"]
[BlackClock "0:00:16"]
[Board "32"]

1. c4 Nf6 2. Nf3 b6 3. d4 Bb7 4. g3 g6 5. Bg2 Bg7 6. d5 O-O 7. Nc3 e6 8. Nd4 Na6 9. O-O exd5 10. cxd5 Re8 11. e4 Nc5 12. Re1 Nxd5 13. Nxd5 Bxd5 14. Nf5 Bc6 15. Nxg7 Kxg7 16. Qd4+ f6 17. e5 Bxg2 18. Kxg2 fxe5 19. Rxe5 Rxe5 20. Qxe5+ Qf6 21. Bh6+ Kf7 22. Qd5+ Ne6 23. Qxa8 g5 24. Rd1 Ke7 25. Qc8 d6 26. Re1 Qxh6 27. Qxc7+ Kf6 28. Qxd6 1-0


[Site "https://www.chess.com"]

[Event "Titled Tuesday Blitz August 22 Late 2023"]
[White "Paravyan, David"]
[Black "Di Berardino, Diego Rafael"]
[WhiteFideId "4194985"]
[BlackFideId "2105446"]
[WhiteElo "2961"]
[BlackElo "2637"]
[Result "1-0"]
[Round "6"]
[TimeControl "180+1"]
[Date "2023.08.22"]
[WhiteClock "0:00:35"]
[BlackClock "0:00:28"]
[Board "33"]

1. e4 c5 2. Nf3 b6 3. d4 cxd4 4. Nxd4 Bb7 5. Nc3 Nf6 6. e5 Nd5 7. Qf3 Qc7 8. Qg3 Nxc3 9. bxc3 Na6 10. Bf4 e6 11. Be2 Nc5 12. Bf3 Ne4 13. Bxe4 Bxe4 14. O-O a6 15. h4 h5 16. a4 Bg6 17. Rab1 Bc5 18. Rb2 O-O 19. Be3 Be7 20. Bg5 Ba3 21. Ra2 Bc5 22. Ne2 Bf5 23. Bf6 Bg4 24. Nf4 gxf6 25. Nxh5 f5 26. Nf6+ Kh8 27. Qf4 1-0


[Site "https://www.chess.com"]

[Event "Titled Tuesday Blitz August 22 Late 2023"]
[White "Vlassov, Nikolai"]
[Black "Sargsyan, Shant"]
[WhiteFideId "4103360"]
[BlackFideId "13306766"]
[WhiteElo "2616"]
[BlackElo "2917"]
[Result "0-1"]
[Round "6"]
[TimeControl "180+1"]
[Date "2023.08.22"]
[WhiteClock "0:00:04"]
[BlackClock "0:00:30"]
[Board "34"]

1. e4 g6 2. Nc3 Nf6 3. e5 Nh5 4. d4 d6 5. f4 Ng7 6. Be3 h5 7. Nf3 Bg4 8. h3 Bxf3 9. Qxf3 c6 10. g4 e6 11. O-O-O Nd7 12. Ne4 d5 13. Ng3 h4 14. Ne2 Qa5 15. Kb1 c5 16. dxc5 Bxc5 17. Bxc5 Nxc5 18. Nd4 a6 19. f5 gxf5 20. gxf5 Ne4 21. Bd3 Nd2+ 22. Rxd2 Qxd2 23. fxe6 Nxe6 24. Nxe6 fxe6 25. Bg6+ Kd8 26. Qf6+ Kc7 27. Qxe6 Rad8 28. Qe7+ Kb8 29. Bd3 Qg2 30. Rf1 Qxh3 31. a4 Qd7 32. Qb4 h3 33. Bxa6 h2 34. Rh1 Qc7 35. e6 Rdg8 36. Ka2 Rg1 37. Rxh2 Rxh2 38. e7 Rh8 39. Bb5 Rgg8 40. Qd4 Qxe7 41. Qxd5 Rd8 42. Qf3 Qc7 43. Bd3 Rhf8 44. Qe4 Rc8 45. b3 Rf6 46. Qd4 Rc6 47. Bc4 Rxc4 0-1


[Site "https://www.chess.com"]

[Event "Titled Tuesday Blitz August 22 Late 2023"]
[White "Tologon tegin, Semetei"]
[Black "Lenderman, Aleksandr"]
[WhiteFideId "13800574"]
[BlackFideId "2021285"]
[WhiteElo "2602"]
[BlackElo "2843"]
[Result "1-0"]
[Round "6"]
[TimeControl "180+1"]
[Date "2023.08.22"]
[WhiteClock "0:00:12"]
[BlackClock "0:00:11"]
[Board "35"]

1. d4 e6 2. Nc3 f5 3. Nf3 Nf6 4. Bf4 b6 5. e3 Bb7 6. a3 Be7 7. h3 O-O 8. g4 Ne4 9. gxf5 Nxc3 10. bxc3 exf5 11. Bc4+ Kh8 12. Rg1 Qe8 13. Ng5 h6 14. Nf7+ Rxf7 15. Qh5 d5 16. Be5 Bf8 17. Rg6 Kg8 18. Kd2 Nd7 19. Rag1 Re7 20. Bd3 Rxe5 21. dxe5 Nxe5 22. Qxf5 Nxd3 23. Rxh6 Qe4 24. Qh5 g5 25. Rxg5+ Bg7 26. Rh8# 1-0


[Site "https://www.chess.com"]

[Event "Titled Tuesday Blitz August 22 Late 2023"]
[White "Erzhanov, Arman"]
[Black "Schmakel, Sam"]
[WhiteFideId "4138821"]
[BlackFideId "2039311"]
[WhiteElo "2598"]
[BlackElo "2769"]
[Result "1-0"]
[Round "6"]
[TimeControl "180+1"]
[Date "2023.08.22"]
[WhiteClock "0:02:02"]
[BlackClock "0:00:10"]
[Board "36"]

1. e4 e5 2. Nf3 Nc6 3. Bb5 a6 4. Bxc6 dxc6 5. Nc3 f6 6. d4 exd4 7. Nxd4 c5 8. Nde2 Qxd1+ 9. Nxd1 Be6 10. Bf4 O-O-O 11. Ne3 Ne7 12. Rd1 Rxd1+ 13. Kxd1 g5 14. Bg3 Bg7 15. f3 f5 16. exf5 Nxf5 17. Nxf5 Bxf5 18. c3 Bb1 19. a3 Rd8+ 20. Kc1 Bd3 21. Re1 h5 22. Bf2 b6 23. Ng3 h4 24. Ne4 Be5 25. h3 Bc4 26. Nxg5 Bf4+ 27. Be3 Bxe3+ 28. Rxe3 Bb3 29. Re1 Rg8 30. Re5 Rd8 31. Re1 Rg8 32. f4 Rf8 33. Rf1 Kd7 34. Kd2 Bd5 35. Rf2 b5 36. Nf3 Bxf3 37. Rxf3 Ke6 38. Re3+ Kd6 39. Re4 Rg8 40. Re2 Rf8 41. Ke3 a5 42. Kf3 Rg8 43. f5 b4 44. axb4 cxb4 45. cxb4 axb4 46. Kf4 c5 47. f6 Kd5 48. Kf5 c4 49. f7 Ra8 50. Rd2+ Kc5 51. Kg6 c3 52. bxc3 bxc3 53. Rf2 Kd4 54. f8=Q 1-0


[Site "https://www.chess.com"]

[Event "Titled Tuesday Blitz August 22 Late 2023"]
[White "Principe, Gerson"]
[Black "Lamaze, Simon"]
[WhiteFideId "3804550"]
[BlackFideId "36069264"]
[WhiteElo "2588"]
[BlackElo "2707"]
[Result "0-1"]
[Round "6"]
[TimeControl "180+1"]
[Date "2023.08.22"]
[WhiteClock "0:00:00"]
[BlackClock "0:00:40"]
[Board "37"]

1. Nf3 d5 2. d4 Nf6 3. e3 e6 4. Bd3 c5 5. b3 b6 6. O-O Bb7 7. Bb2 Nbd7 8. Nbd2 Bd6 9. Ne5 Ne4 10. Nxe4 dxe4 11. Bb5 Bxe5 12. dxe5 a6 13. Bxd7+ Qxd7 14. Qxd7+ Kxd7 15. Rad1+ Kc7 16. Rd6 Rad8 17. Rfd1 Rhg8 18. c4 Bc6 19. Kf1 Rxd6 20. Rxd6 a5 21. a4 g5 22. Ke2 h5 23. Rd2 h4 24. Rd1 g4 25. g3 Rh8 26. Rd2 Bb7 27. Rd1 h3 28. Rd2 Rg8 29. Rd1 Rf8 30. Rd2 Rg8 31. Rd1 Ra8 32. Rd2 b5 33. cxb5 Bd5 34. Ba3 Kb6 35. Rb2 Rd8 36. Ke1 Rc8 37. Kd2 c4 38. Rc2 Rd8 39. b4 axb4 40. Bxb4 Ra8 41. Bc3 Rxa4 42. Rb2 Ra1 43. Bd4+ Kb7 44. b6 Rh1 45. Kc3 Rxh2 46. Ra2 Rh1 47. Ra7+ Kc8 48. Rc7+ Kd8 49. Kb4 c3 50. Bxc3 h2 51. Kc5 Rb1 52. Ba5 h1=Q 53. b7 Bxb7 54. Rxb7+ Kc8 0-1


[Site "https://www.chess.com"]

[Event "Titled Tuesday Blitz August 22 Late 2023"]
[White "Ganiev, Roman"]
[Black "Pert, Richard G"]
[WhiteFideId "4131452"]
[BlackFideId "404748"]
[WhiteElo "2582"]
[BlackElo "2690"]
[Result "0-1"]
[Round "6"]
[TimeControl "180+1"]
[Date "2023.08.22"]
[WhiteClock "0:00:07"]
[BlackClock "0:00:11"]
[Board "38"]

1. e4 c5 2. Nf3 d6 3. d4 cxd4 4. Nxd4 Nf6 5. Nc3 g6 6. Be3 Bg7 7. f3 Nc6 8. Bc4 O-O 9. Bb3 Bd7 10. O-O Rc8 11. Nxc6 bxc6 12. Qd2 c5 13. Bc4 Rb8 14. b3 Qc7 15. Rad1 Be6 16. Bxe6 fxe6 17. Bh6 c4 18. Bxg7 Kxg7 19. Ne2 e5 20. Qe3 Rfc8 21. Rd2 Qb6 22. Qxb6 Rxb6 23. Kf2 Ra6 24. Ra1 Nd7 25. Ke3 Nc5 26. b4 Ra3+ 27. c3 Na4 28. Rc2 Nb6 29. Kd2 d5 30. exd5 Nxd5 31. Kc1 Ne3 32. Rd2 Nxg2 33. Kb2 Ra6 34. Rd7 Kf7 35. Ng3 Rd6 36. Rd1 Rxd1 37. Rxd1 Ke6 38. Ne4 Nh4 39. Ng5+ Kf5 40. Nxh7 Nxf3 41. Rf1 e4 42. h4 Kg4 43. Ng5 Nxg5 44. hxg5 Kxg5 45. Kc2 Rh8 46. Kd2 Rh3 47. Rg1+ Kf5 48. Rf1+ Rf3 49. Rh1 Rd3+ 50. Kc2 e3 51. Rf1+ Ke4 0-1


[Site "https://www.chess.com"]

[Event "Titled Tuesday Blitz August 22 Late 2023"]
[White "Taboas Rodriguez, Daniel"]
[Black "Olsen, Filip Boe"]
[WhiteFideId "2208466"]
[BlackFideId "1440640"]
[WhiteElo "2567"]
[BlackElo "2687"]
[Result "0-1"]
[Round "6"]
[TimeControl "180+1"]
[Date "2023.08.22"]
[WhiteClock "0:00:00"]
[BlackClock "0:00:03"]
[Board "39"]

1. d4 Nf6 2. Nf3 d5 3. c4 c6 4. cxd5 cxd5 5. Nc3 Nc6 6. Bf4 Bf5 7. e3 e6 8. Qb3 Bb4 9. Bb5 O-O 10. O-O Bd6 11. Bxd6 Qxd6 12. Rac1 Rfc8 13. Na4 Na5 14. Qd1 a6 15. Be2 Ne4 16. Ne5 b5 17. Nc3 Nc4 18. Nxe4 Bxe4 19. f3 Nxe3 20. Qb3 Nxf1 21. Rxf1 Bc2 22. Qe3 f6 23. Nd3 Rc7 24. f4 Rac8 25. Nc5 e5 26. fxe5 fxe5 27. Bg4 exd4 28. Qe6+ Qxe6 29. Bxe6+ Kh8 30. Bxc8 Rxc8 31. Nb3 d3 32. Nd2 h6 33. Kf2 Re8 34. Re1 Rf8+ 35. Ke3 Kh7 36. Nf3 Re8+ 37. Kd2 Re4 38. a3 b4 39. axb4 Rxb4 40. Kc1 Ra4 41. Kd2 Ra2 42. Kc3 Ra4 43. b3 Re4 44. Ra1 Re2 45. Rxa6 Rxg2 46. Rd6 Bd1 47. Nd2 Be2 48. b4 Rg1 49. b5 Rc1+ 50. Kd4 Rc2 51. Ke3 Rb2 52. b6 Kg8 53. h4 Kf7 54. h5 Ke7 55. Rc6 Kf8 56. Rd6 Kg8 57. Rd8+ Kh7 58. Rd6 d4+ 59. Rxd4 Rxb6 60. Rd5 Re6+ 61. Kf2 Rf6+ 62. Ke3 Re6+ 63. Kf2 Rf6+ 64. Ke3 Rf7 65. Ne4 Rf3+ 66. Kd2 Rh3 67. Rd7 Kg8 68. Kc3 Rxh5 69. Nc5 Kh7 70. Ne6 Rh4 71. Rxg7+ Kh8 72. Rg1 Rh5 0-1


[Site "https://www.chess.com"]

[Event "Titled Tuesday Blitz August 22 Late 2023"]
[White "subham777"]
[Black "Dourerassou, Jonathan"]
[BlackFideId "628050"]
[WhiteElo "2550"]
[BlackElo "2687"]
[Result "0-1"]
[Round "6"]
[TimeControl "180+1"]
[Date "2023.08.22"]
[WhiteClock "0:00:02"]
[BlackClock "0:01:11"]
[Board "40"]

1. e4 d6 2. d4 g6 3. Nc3 Bg7 4. Be3 Nd7 5. Qd2 c5 6. O-O-O cxd4 7. Bxd4 Ngf6 8. f3 O-O 9. h4 Qa5 10. h5 Ne5 11. hxg6 fxg6 12. Kb1 Be6 13. Nh3 Bxh3 14. Rxh3 Rac8 15. Be2 Nc4 16. Bxc4+ Rxc4 17. Bxf6 Bxf6 18. Nd5 Qxd2 19. Nxf6+ Rxf6 20. Rxd2 Rxe4 21. a3 Re3 22. Rh4 Rf5 23. Rc4 Kf7 24. Rc7 Rb5 25. Rxd6 Re1+ 26. Ka2 Re2 27. Rdd7 h5 28. g3 Re3 29. a4 Rb6 30. b3 Kf6 31. Rd3 Re2 32. Ka3 Rg2 33. f4 Re2 34. Rdd7 Re3 35. Kb2 a5 36. Ka2 Rc6 37. Rxc6+ bxc6 38. Rd3 Rxd3 39. cxd3 e5 40. fxe5+ Kxe5 41. b4 axb4 42. Kb3 c5 43. Kc4 g5 44. Kxc5 b3 45. a5 b2 46. a6 b1=Q 0-1


[Site "https://www.chess.com"]

[Event "Titled Tuesday Blitz August 22 Late 2023"]
[White "Glavina, Pablo"]
[Black "Zhu, Jiner"]
[WhiteFideId "100234"]
[BlackFideId "8608059"]
[WhiteElo "2533"]
[BlackElo "2674"]
[Result "1-0"]
[Round "6"]
[TimeControl "180+1"]
[Date "2023.08.22"]
[WhiteClock "0:00:07"]
[BlackClock "0:00:12"]
[Board "41"]

1. c4 Nf6 2. Nc3 e5 3. Nf3 Nc6 4. g3 d5 5. cxd5 Nxd5 6. Bg2 Nb6 7. O-O Be7 8. b3 O-O 9. Bb2 f6 10. Rc1 Bg4 11. d3 Qd7 12. Ne4 Rad8 13. Qc2 Rfe8 14. Nc5 Bxc5 15. Qxc5 Qe7 16. Qxe7 Rxe7 17. h3 Bc8 18. Nd2 Nd4 19. Rfe1 c6 20. Ba3 Ree8 21. Nc4 Nxc4 22. bxc4 f5 23. Bc5 a6 24. Bb6 Rd7 25. Kf1 g5 26. a4 h6 27. a5 Rf7 28. e3 Ne6 29. d4 e4 30. d5 Nf8 31. Red1 Ng6 32. dxc6 bxc6 33. Rd6 Re6 34. Rcd1 Kh7 35. g4 f4 36. Rxe6 Bxe6 37. Bxe4 Bxc4+ 38. Kg2 fxe3 39. fxe3 Bd5 40. Bxd5 cxd5 41. Rxd5 Nh4+ 42. Kg1 Rf3 43. Rd7+ Kg8 44. Rd8+ Kf7 45. Rd7+ Ke8 46. Ra7 Rxh3 47. Rxa6 Rg3+ 48. Kf2 Rxg4 49. Ra8+ Kd7 50. a6 Rg2+ 51. Kf1 Ra2 52. a7 Kc6 53. Bd4 Nf3 54. Rc8+ Kd5 55. a8=Q+ 1-0


[Site "https://www.chess.com"]

[Event "Titled Tuesday Blitz August 22 Late 2023"]
[White "Skatchkov, Valery"]
[Black "Shohat, Yotam"]
[WhiteFideId "24195812"]
[BlackFideId "2813955"]
[WhiteElo "2671"]
[BlackElo "2454"]
[Result "0-1"]
[Round "6"]
[TimeControl "180+1"]
[Date "2023.08.22"]
[WhiteClock "0:00:03"]
[BlackClock "0:00:09"]
[Board "42"]

1. d4 Nf6 2. c4 e6 3. Nf3 d5 4. g3 dxc4 5. Bg2 a6 6. O-O Nc6 7. e3 Rb8 8. Nfd2 e5 9. Bxc6+ bxc6 10. dxe5 Ng4 11. Nxc4 Be6 12. Nbd2 h5 13. f3 h4 14. fxg4 hxg3 15. hxg3 Qd3 16. Qf3 Bd5 17. e4 Bc5+ 18. Kg2 Bxc4 19. Qxd3 Bxd3 20. Re1 Bd4 21. Nb3 Bxe5 22. Bf4 Bxb2 23. Rad1 Bc2 24. Rd2 Bc3 25. Rxc2 Bxe1 26. Rxc6 Rb7 27. Rxa6 O-O 28. Kf3 Rd8 29. g5 Bb4 30. Kg4 Rc8 31. Rc6 Ra7 32. Rc4 c5 33. Rc2 c4 34. Nd4 Rd7 35. Nf5 c3 36. e5 Rc4 37. Kf3 Rc8 38. Ke2 Rcd8 39. Nh4 Rd1 40. Nf3 Rb1 41. Bc1 Rd5 42. a3 Ba5 43. g4 Kf8 44. Ke3 Ke7 45. Ke2 Ke6 46. a4 Bb4 47. a5 Bxa5 48. Ba3 g6 49. Bc1 Bb4 50. Ne1 Rxe5+ 51. Kf2 Bc5+ 52. Kf1 Be3 53. Rxc3 Bxc1 54. Rd3 Bd2 55. Rxd2 Rexe1+ 56. Kf2 Re5 57. Kf3 Rb3+ 58. Kg2 Rb4 59. Rc2 Rxg4+ 0-1


[Site "https://www.chess.com"]

[Event "Titled Tuesday Blitz August 22 Late 2023"]
[White "Ehlvest, Jaan"]
[Black "ExchangeAB"]
[WhiteFideId "4500016"]
[WhiteElo "2665"]
[BlackElo "2447"]
[Result "1-0"]
[Round "6"]
[TimeControl "180+1"]
[Date "2023.08.22"]
[WhiteClock "0:00:29"]
[BlackClock "0:00:17"]
[Board "43"]

1. e4 c6 2. d4 d5 3. e5 Bf5 4. h4 h5 5. Bd3 Bxd3 6. Qxd3 e6 7. Nf3 Qa5+ 8. Nbd2 Qa6 9. c4 Bb4 10. b3 Ne7 11. O-O Nd7 12. a4 Nf5 13. Ba3 Bxa3 14. Rxa3 Qa5 15. b4 Qd8 16. c5 Nxh4 17. Nxh4 Qxh4 18. b5 Qg4 19. Rb1 h4 20. Kf1 Rh5 21. Qf3 Qxf3 22. Nxf3 h3 23. gxh3 Rxh3 24. Kg2 Rh5 25. a5 cxb5 26. Rxb5 Rb8 27. Rab3 a6 28. Rxb7 Rxb7 29. Rxb7 Kd8 30. c6 Nxe5 31. dxe5 f6 32. Rxg7 fxe5 33. Ng5 Kc8 34. Nxe6 Rh6 35. Rg8# 1-0


[Site "https://www.chess.com"]

[Event "Titled Tuesday Blitz August 22 Late 2023"]
[White "Andrews, Todd"]
[Black "Shuvalova, Polina"]
[WhiteFideId "2012456"]
[BlackFideId "24171760"]
[WhiteElo "2392"]
[BlackElo "2663"]
[Result "0-1"]
[Round "6"]
[TimeControl "180+1"]
[Date "2023.08.22"]
[WhiteClock "0:00:02"]
[BlackClock "0:00:18"]
[Board "44"]

1. e4 c6 2. c4 d5 3. exd5 cxd5 4. cxd5 Nf6 5. Nc3 Nxd5 6. Nf3 Nc6 7. Bc4 e6 8. d4 Bb4 9. Bd2 O-O 10. O-O Be7 11. a3 Bf6 12. Bd3 Nxd4 13. Nxd4 Bxd4 14. Qh5 g6 15. Qf3 Nxc3 16. bxc3 Bg7 17. Rab1 Qc7 18. h4 Rd8 19. Bg5 Rf8 20. h5 Qe5 21. Be7 Re8 22. hxg6 hxg6 23. Rfe1 Qxc3 24. Rec1 Qe5 25. Rc5 Qd4 26. Rc7 Qe5 27. Bd6 Qf6 28. Qe4 e5 29. Bc4 Be6 30. Rbxb7 Rac8 31. Bxe6 Rxc7 32. Bxc7 Qxe6 33. Rxa7 Qb3 34. g3 Rc8 35. Bd6 Qd1+ 36. Kg2 Qxd6 37. Ra8 Rxa8 38. Qxa8+ Kh7 39. a4 Qd3 40. a5 e4 41. a6 Qf3+ 42. Kg1 Bd4 43. Qb7 Qxf2+ 44. Kh1 Qg1# 0-1


[Site "https://www.chess.com"]

[Event "Titled Tuesday Blitz August 22 Late 2023"]
[White "Deac, Bogdan-Daniel"]
[Black "Kozusek, Daniel"]
[WhiteFideId "1226380"]
[BlackFideId "349500"]
[WhiteElo "3032"]
[BlackElo "2588"]
[Result "1-0"]
[Round "6"]
[TimeControl "180+1"]
[Date "2023.08.22"]
[WhiteClock "0:00:24"]
[BlackClock "0:00:04"]
[Board "45"]

1. b3 e5 2. Bb2 Nc6 3. Nf3 e4 4. Nd4 Nxd4 5. Bxd4 Nf6 6. e3 d5 7. c4 dxc4 8. Bxc4 Be7 9. Nc3 c5 10. Be5 O-O 11. O-O Bf5 12. f3 exf3 13. Qxf3 Bd3 14. Bxd3 Qxd3 15. Qxb7 Qxd2 16. Rae1 Rfe8 17. Bxf6 Bxf6 18. Ne4 Qa5 19. Nxf6+ gxf6 20. Re2 Rab8 21. Qf3 Qa6 22. Ref2 Rb6 23. h3 Ree6 24. Qg3+ Kf8 25. Qh4 Qd3 26. Rf3 Ke7 27. Qf4 Qd6 28. Qf5 h6 29. Rc1 Re5 30. Qc2 Rc6 31. Rd1 Qe6 32. Qc3 Rd6 33. Rdf1 f5 34. Qa5 Rd7 35. Qe1 Rd3 36. Qh4+ Kd7 37. Qa4+ Ke7 38. Qxa7+ Rd7 39. Qa5 c4 40. Qb4+ Qd6 41. Qxc4 Kf6 42. Qh4+ Kg6 43. Qg3+ Kf6 44. Kh2 Ke6 45. e4 Rxe4 46. Qxd6+ Rxd6 47. Rxf5 f6 48. Rxf6+ Ke7 49. Rxd6 Kxd6 50. Rf6+ 1-0


[Site "https://www.chess.com"]

[Event "Titled Tuesday Blitz August 22 Late 2023"]
[White "Chor, Kevin"]
[Black "Hakobyan, Aram"]
[WhiteFideId "2090740"]
[BlackFideId "13306677"]
[WhiteElo "2578"]
[BlackElo "2987"]
[Result "0-1"]
[Round "6"]
[TimeControl "180+1"]
[Date "2023.08.22"]
[WhiteClock "0:00:44"]
[BlackClock "0:02:37"]
[Board "46"]

1. e4 c5 2. Nf3 Nc6 3. d4 cxd4 4. Nxd4 a6 5. Nc3 e6 6. Be2 Nf6 7. a3 Qc7 8. O-O Be7 9. Nxc6 bxc6 10. f4 d5 11. Bd3 Bb7 12. Kh1 c5 13. e5 Nd7 14. Qg4 g6 15. Re1 h5 16. Qg3 h4 17. Qf3 h3 18. g4 c4 19. Bf1 Nc5 0-1


[Site "https://www.chess.com"]

[Event "Titled Tuesday Blitz August 22 Late 2023"]
[White "Santos Latasa, Jaime"]
[Black "Kochiev, Ivan"]
[WhiteFideId "2293307"]
[BlackFideId "2917890"]
[WhiteElo "2955"]
[BlackElo "2577"]
[Result "1-0"]
[Round "6"]
[TimeControl "180+1"]
[Date "2023.08.22"]
[WhiteClock "0:02:37"]
[BlackClock "0:02:18"]
[Board "47"]

1. Nf3 Nf6 2. c4 e6 3. Nc3 d5 4. e3 Be7 5. b3 O-O 6. Bb2 b6 7. cxd5 Nxd5 8. Nxd5 Qxd5 9. Qc2 c5 10. Bd3 Bb7 11. Bxh7+ Kh8 12. Bd3 Nc6 13. Bc4 Qd7 14. a3 Rad8 15. h4 Bf6 16. Ng5 Ne5 17. Qh7# 1-0


[Site "https://www.chess.com"]

[Event "Titled Tuesday Blitz August 22 Late 2023"]
[White "Mikaelyan, Arman"]
[Black "Przybylski, Wojciech"]
[WhiteFideId "13304852"]
[BlackFideId "1117599"]
[WhiteElo "2895"]
[BlackElo "2575"]
[Result "1-0"]
[Round "6"]
[TimeControl "180+1"]
[Date "2023.08.22"]
[WhiteClock "0:01:19"]
[BlackClock "0:00:05"]
[Board "48"]

1. b4 e5 2. Bb2 d6 3. e3 Be6 4. c4 f5 5. Nf3 Nf6 6. d4 e4 7. d5 Bg8 8. Nd4 Qd7 9. Be2 Be7 10. h4 Bf7 11. h5 h6 12. Nd2 c6 13. N2b3 O-O 14. dxc6 bxc6 15. c5 d5 16. Na5 Bd8 17. Qa4 Be8 18. Rh3 f4 19. exf4 Bc7 20. f5 Be5 21. O-O-O Nh7 22. Rg3 Bxg3 23. fxg3 Ng5 24. g4 a6 25. Qb3 Kh7 26. Qc3 Rf7 27. Qg3 Qc7 28. Qxc7 Rxc7 29. Kc2 Re7 30. Bc1 Nf7 31. Bf4 Nd8 32. Bd6 Rf7 33. Rf1 Bd7 34. Kd2 Kg8 35. Ke3 Be8 36. a4 Bd7 37. Rb1 Be8 38. Bd1 Rd7 39. Bb3 Rxd6 40. cxd6 Nf7 41. Rc1 Nxd6 42. Naxc6 Nxc6 43. Nxc6 Nc4+ 44. Bxc4 Bxc6 45. Bb3 Bb7 46. Rc7 Rb8 47. Rxb7 Rd8 48. Kd4 Kf8 49. Ra7 Rb8 50. Bxd5 Rxb4+ 51. Ke3 Rxa4 52. Bxe4 Ra3+ 53. Kf4 a5 54. Ke5 a4 55. Ke6 Kg8 56. Ra8+ Kh7 57. f6+ g6 58. hxg6# 1-0


[Site "https://www.chess.com"]

[Event "Titled Tuesday Blitz August 22 Late 2023"]
[White "Mekhitarian, Krikor Sevag"]
[Black "Auger_Pi"]
[WhiteFideId "2107660"]
[WhiteElo "2845"]
[BlackElo "2571"]
[Result "0-1"]
[Round "6"]
[TimeControl "180+1"]
[Date "2023.08.22"]
[WhiteClock "0:00:03"]
[BlackClock "0:00:22"]
[Board "49"]

1. Nf3 d5 2. c4 dxc4 3. e3 Nf6 4. Bxc4 e6 5. d4 c5 6. O-O a6 7. e4 b5 8. Bb3 cxd4 9. e5 Nfd7 10. Re1 Bb7 11. Bf4 Nc6 12. Nbd2 Be7 13. Rc1 Nc5 14. Bc2 Nb4 15. Bb1 Nbd3 16. Bg3 O-O 17. h4 Rc8 18. Rxc5 Nxc5 19. Ng5 d3 20. Qg4 Qd5 21. Ngf3 a5 22. h5 h6 23. Bf4 Kh8 24. Be3 Ne4 25. Rd1 Nxd2 26. Bxd2 Qe4 27. Qg3 Rfd8 28. Re1 Qf5 29. Bxa5 Bxf3 30. gxf3 Rd5 31. Bd2 Qxh5 32. f4 Bc5 33. Kg2 Rcd8 34. a3 Be7 35. Ba2 Rd4 36. Bb1 Qh4 37. Kf3 Qxg3+ 38. fxg3 b4 39. a4 b3 40. a5 Bb4 41. Rd1 Bxd2 42. Rxd2 Ra4 43. Ke3 Rxa5 44. Bxd3 Rad5 45. Rd1 g6 46. Rd2 Kg7 47. Rd1 f6 48. exf6+ Kxf6 49. Rd2 g5 50. fxg5+ Kxg5 51. Rd1 h5 52. Rd2 e5 53. Rd1 e4 54. Kxe4 Rxd3 55. Rxd3 Rxd3 56. Kxd3 Kg4 0-1


[Site "https://www.chess.com"]